 Dungeon Crawl Stone Soup version 0.26-a0-540-g8a0c9464d7 (webtiles) character file.

Game seed: 16940449474937368346

891 Gorglomux the Skirmisher (level 7, -1/63 HPs)
             Began as a Palentonga Delver on Aug 21, 2020.
             Was an Initiate of Uskayaw.
             Shot with an arrow by a centaur (14 damage)
             ... on level 5 of the Dungeon.
             The game lasted 00:08:01 (5613 turns).

Gorglomux the Skirmisher (Palentonga Delver)        Turns: 5613, Time: 00:08:02

Health: -1/63      AC:  4    Str: 18    XL:     7   Next: 78%
Magic:  7/7        EV:  9    Int: 10    God:    Uskayaw [......]
Gold:   298        SH:  0    Dex: 11    Spells: 6/6 levels left

rFire    + . .     SeeInvis +   m - +1 dagger (freeze)
rCold    . . .     Faith    .   (no shield)
rNeg     . . .     Spirit   .   b - +0 leather armour
rPois    .         Reflect  .   (no helmet)
rElec    .         Harm     .   (no cloak)
rCorr    .                      (no gloves)
MR       .....                  (boots restricted)
Stlth    +.........             (no amulet)
HPRegen  0.20/turn              w - ring of wizardry
MPRegen  0.10/turn              f - ring of protection from fire

@: confused
A: large, rugged brown scales 3, see invisible, deformed body, roll, armoured
tail
a: Rolling Charge, Renounce Religion


You were on level 5 of the Dungeon.
You worshipped Uskayaw.
Uskayaw was noncommittal.
You visited 2 branches of the dungeon, and saw 7 of its levels.

You collected 298 gold pieces.

Inventory:

Hand Weapons
 e - the +4 shortbow "Gieceipt" {vorpal, +Inv +Fly rN+ Int-5}
   (You found it on level 5 of the Dungeon)

   Any arrow fired from it inflicts extra damage.
   It affects your intelligence (-5).
   It protects you from negative energy.
   It lets you turn invisible.
   It lets you fly.
 m - a +1 dagger of freezing (weapon)
Missiles
 r - 88 arrows
 F - a curare-tipped dart (quivered)
Armour
 b - a +0 leather armour (worn)
 v - a +0 helmet
Jewellery
 d - an uncursed ring of positive energy
 f - a ring of protection from fire (right hand)
 w - a ring of wizardry (left hand)
Wands
 D - a wand of digging (2)
Scrolls
 a - a scroll of amnesia {unknown}
 c - a scroll of fog
 g - 5 scrolls of identify {unknown}
 k - a scroll of blinking {unknown}
 l - 2 scrolls of remove curse {unknown}
 n - a scroll of random uselessness {unknown}
 p - 2 scrolls of enchant weapon {unknown}
 t - a scroll of immolation {unknown}
 M - 2 scrolls of magic mapping
Potions
 h - a potion of berserk rage {unknown}
 i - a potion of ambrosia
 j - a potion of flight {unknown}
 o - a potion of mutation {unknown}
 q - a potion of lignification {unknown}
 s - a potion of degeneration {unknown}
 u - a potion of might {unknown}
 H - 2 potions of haste
 Q - a potion of curing


   Skills:
 + Level 6.9 Fighting
 + Level 6.5 Short Blades
 - Level 1.5 Dodging
 - Level 3.3 Stealth


You had 6 spell levels left.
You didn't know any spells.
Your spell library contained the following spells:

 Spells                   Type           Power        Failure   Level
 Confusing Touch          Hex            #.......     45%         3
 Gell's Gravitas          Tloc           #.........   45%         3
 Petrify                  Tmut/Erth      #.......     85%         4
 Metabolic Englaciation   Hex/Ice        #.........   99%         5
 Yara's Violent Unravell  Hex/Tmut       #.........   99%         5


Dungeon Overview and Level Annotations

Branches:
Dungeon (6/15)             Temple (1/1) D:5

Altars:
Ashenzari
Cheibriados
Elyvilon
Fedhas
Hepliaklqana
Makhleb
Nemelex Xobeh
Okawaru
Qazlal
Ru
Sif Muna
Trog
Uskayaw
Vehumet
Wu Jian
Xom
Yredelemnul
Zin
The Shining One


Innate Abilities, Weirdness & Mutations

You are completely covered in rugged brown scales. (AC +3, +7% HP)
You have supernaturally acute eyesight. (SInv)
Armour fits poorly on your strangely shaped body.
You can roll at foes to attack.
You have a long armoured tail.


Message History

The centaur moves out of view.
Unknown command.
The centaur shoots an arrow.
The arrow closely misses you.
Roll where?
Press: ? - help, Dir - move target cursor, f - centaur
Aim: a centaur, wielding a +0 shortbow and quivering 18 arrows You roll forward with a clatter of scales!
You hit the centaur. You freeze the centaur.
The centaur is lightly wounded.
The centaur wields a +0 shortbow.
The centaur shoots an arrow.
The arrow closely misses you.
The centaur unwields a +0 shortbow.
The centaur hits you but does no damage.
Found 21 stones.
Roll where?
Press: ? - help, Dir - move target cursor, f - centaur, p - centaur
Aim: a centaur, wielding a +0 shortbow and quivering 19 arrows You roll forward with a clatter of scales!
You hit the centaur but do no damage.
The centaur unwields a +0 shortbow.
The centaur hits you. The centaur barely misses you. The centaur hits you. x2
Found a manual of Armour.
You hit the centaur but do no damage.
The centaur is lightly wounded.
You hit the centaur but do no damage.
The centaur is lightly wounded.
The centaur hits you! The centaur hits you. The centaur hits you!
The centaur hits you but does no damage.
The centaur wields a +0 shortbow.
The centaur shoots an arrow.
The arrow hits you! The centaur hits you!
* * * LOW HITPOINT WARNING * * *
Things that are here:
an arrow; a manual of Armour It was a potion of ambrosia.
You are confused.
You feel invigorated.
The centaur hits you but does no damage.
The centaur shoots an arrow.
The arrow hits you.
* * * LOW HITPOINT WARNING * * *
The centaur hits you.
* * * LOW HITPOINT WARNING * * *
The centaur wields a +0 shortbow.
The centaur shoots an arrow.
The arrow hits you.
* * * LOW HITPOINT WARNING * * *
You see here an arrow.
Unknown command.
The centaur shoots an arrow.
The arrow hits you!
* * * LOW HITPOINT WARNING * * *
You see here an arrow.
Unknown command.
You're too confused to move!
The centaur shoots an arrow.
The arrow hits you!
You die...

##..(((...............
##....(..##..#########.
#"......##...# ####.
#.......##...# ####....
#.......##...###.....#.
#...##.##..#...#.....####
##..##...##.#.........#
....#..##.#...........#
.#....cc(@..#.#.##...)#
#..#.##..#.....###...#
##(##...##....## #..<# #
##.##...### #...# .. $# #
######## ### .......
#######


You could see 2 centaurs.

Vanquished Creatures
  A hornet (D:4)
  A centaur (D:5)
  4 scorpions
  A hound (D:2)
  2 bullfrog skeletons
  An orc priest (D:3)
  4 worker ants
  Robin (D:2)
  3 gnolls (D:3)
  3 adders
  An ufetubus (D:2)
  An ooze (D:3)
  2 adder zombies
  3 worms
  A dart slug (D:1)
  5 leopard geckos
  8 orcs
  A bat zombie (D:1)
  3 giant cockroaches
  16 goblins
  7 hobgoblins
  8 jackals
  4 kobolds
  2 ball pythons
  8 bats
  4 frilled lizards (D:2)
  7 rats
102 creatures vanquished.

Notes
Turn   | Place    | Note
-------+----------+-------------------------------------------
     0 | D:5      | Gorglomux the Palentonga Delver began the quest for the
                  | Orb.
     0 | D:5      | Reached XP level 1. HP: 19/19 MP: 1/1
    78 | D:5      | Reached XP level 2. HP: 3/26 MP: 2/2
    78 | D:5      | Reached XP level 3. HP: 4/32 MP: 3/3
   380 | D:4      | Reached skill level 3 in Short Blades
   383 | D:4      | Noticed a scorpion
   388 | D:3      | Noticed Robin
   409 | D:4      | Killed a scorpion
   409 | D:4      | Reached XP level 4. HP: 29/40 MP: 4/4
   594 | D:4      | Reached XP level 5. HP: 41/46 MP: 5/5
   597 | D:4      | Noticed a hornet
   962 | D:5      | Got an iridescent shortbow
   986 | D:4      | Identified the +4 shortbow "Gieceipt" {vorpal, +Inv +Fly
                  | rN+ Int-5} (You found it on level 5 of the Dungeon)
  1062 | D:4      | Killed a hornet
  1062 | D:4      | Reached XP level 6. HP: 52/54 MP: 3/6
  1912 | D:1      | Found a shattered altar of Ashenzari.
  2252 | D:1      | Reached skill level 6 in Fighting
  2311 | D:1      | You fall into a shaft and drop 1 floor!
  2846 | D:2      | Reached XP level 7. HP: 53/62 MP: 7/7
  3060 | D:2      | Killed Robin
  4236 | D:3      | Found a glowing golden altar of the Shining One.
  4296 | D:3      | Reached skill level 6 in Short Blades
  5126 | D:5      | Found a staircase to the Ecumenical Temple.
  5164 | D:5      | HP: 3/63 [poisoned by a worker ant]
  5169 | D:5      | HP: 2/63 [poisoned by a worker ant]
  5176 | D:5      | HP: 2/63 [poisoned by a worker ant]
  5184 | D:5      | HP: 1/63 [poisoned by a worker ant]
  5500 | Temple   | Entered the Ecumenical Temple
  5537 | Temple   | Became a worshipper of Uskayaw the Reveler
  5613 | D:5      | Shot with an arrow by a centaur

Illustrated notes

Levels and vault maps discovered:
D:1:      saegor_arrival_fortress, layout_basic, nicolae_ashenzari_panopticon
D:2:      layout_loops_ring, minmay_misc_feat_columns
D:3:      layout_rooms, tso_metal_star, uniq_robin
D:4:      layout_rooms
D:5:      layout_rooms, minmay_temple_entry_statues_pillars, minmay_manual_mares
D:6:      layout_gridville, ebering_ghost_inner_flame
Temple:   nicolae_temple_the_god_donut

Skill      XL: |  1  2  3  4  5  6  7 |
---------------+----------------------+-----
Fighting       | 4 5 6 |  6.9
Short Blades   | 3 5 6 |  6.5
Dodging        | |  1.5
Stealth        | |  3.3

Action                   |  1- 3 |  4- 6 |  7- 9 || total
-------------------------+-------+-------+-------++-------
Melee: Short sword       |    23 |    44 |       ||    67
       Tailslap          |     3 |    13 |    22 ||    38
       Dagger            |       |   105 |   204 ||   309
 Fire: Shortbow          |       |     2 |       ||     2
Throw: Dart              |     1 |     3 |     6 ||    10
 Abil: Rolling Charge    |     4 |    11 |    18 ||    33
       Evoke Invisibilit |       |     1 |       ||     1
Evoke: Wand              |       |     1 |       ||     1
  Use: Scroll            |       |     1 |       ||     1
       Potion            |       |       |     3 ||     3
 Stab: Sleeping          |       |     4 |       ||     4
Armor: Leather armour    |     6 |    52 |    55 ||   113
Dodge: Dodged            |     5 |    47 |    80 ||   132

Table legend: (Time is in decaauts)
 A = Elapsed time spent in this place.
 B = Non-inter-level travel time spent in this place.
 C = Inter-level travel time spent in this place.
 D = Time resting spent in this place.
 E = Time spent auto-exploring this place.
 F = Levels seen in this place.
 G = Mean time per level.
                   A        B        C        D        E       F      G
               +--------+--------+--------+--------+--------+-----+--------+
         Total |   5513 |   5290 |    223 |   1611 |   2837 |   7 |  787.6 |
       Dungeon |   5452 |   5251 |    201 |   1611 |   2809 |   6 |  908.7 |
        Temple |     60 |     38 |     22 |      0 |     28 |   1 |   60.0 |
               +--------+--------+--------+--------+--------+-----+--------+

Top non-repeatable levels by time:
     D:2: 1461 daAuts
     D:5: 1428 daAuts
     D:3: 1002 daAuts
     D:4: 838 daAuts
     D:1: 720 daAuts
  Temple: 60 daAuts
     D:6: 1 daAuts
